 Seeded DCSS version 0.30.1-11-g7821555f0a (webtiles) character file.

Game seed: 5129858224507802926 (custom seed)

17 Psyclone the Conjurer (level 2, -2/22 HPs)
             Began as a Draconian Conjurer on Nov 18, 2023.
             Killed by nerve-wracking pain
             ... invoked by an orc priest
              (9 damage)
             ... on level 3 of the Dungeon.
             The game lasted 00:00:10 (478 turns).

Psyclone the Conjurer (Draconian Conjurer)           Turns: 478, Time: 00:00:11

Health: -2/22      AC:  4    Str:  9    XL:     2   Next: 44%
Magic:  3/5        EV: 12    Int: 18    God:
Gold:   38         SH:  0    Dex:  9    Spells: 2/5 levels left

rFire   + + .        (no weapon)
rCold   . . .        (no shield)
rNeg    . . .        (body armour unavailable)
rPois   .            (helmet restricted)
rElec   .            (no cloak)
rCorr   .            (no gloves)
SInv    .            (no boots)
Will    +....        (no amulet)
Stlth   ++           (no ring)
HPRegen 0.23/turn    (no ring)
MPRegen 0.09/turn

%: no passive effects
@: mighty
A: AC +4, unfitting armour, cold-blooded, antennae 1, fire resistance 2,
strong-willed 1, robust 1, wild magic 1
a: no special abilities


You were on level 3 of the Dungeon.
You visited 1 branch of the dungeon, and saw 3 of its levels.

You collected 38 gold pieces.

Inventory:

Scrolls
 c - a scroll of amnesia {unknown}
 d - a scroll of vulnerability {unknown}
Potions
 a - a potion of magic


   Skills:
 - Level 1.7 Dodging
 - Level 1.7 Stealth
 + Level 2.3 Spellcasting
 * Level 4.5 Conjurations


You had 2 spell levels left.
You knew the following spells:

 Your Spells              Type           Power      Damage    Failure   Level
a - Magic Dart            Conj           92%        1d7       4%          1
b - Searing Ray           Conj           46%        2d6       7%          2

Your spell library contained the following spells:

 Spells                   Type           Power      Damage    Failure   Level
 Dazzling Flash           Conj/Hex       26%        N/A       30%         3
 Fulminant Prism          Conj/Hex       6%         3d7       65%         4
 Iskenderun's Mystic Bla  Conj/Tloc      13%        2d5       65%         4


Dungeon Overview and Level Annotations

Branches:
Dungeon (3/15) Zot: 17521

Altars:

Shops:
D:2 =


Innate Abilities, Weirdness & Mutations

Your plain brown scales are hard. (AC +4)
You cannot fit into any form of body armour.
You are cold-blooded and may be slowed by cold attacks.
You have a pair of small antennae on your head.
Your flesh is very heat resistant. (rF++)
You are strong-willed. (Will+)
You are robust. (+10% HP)
Your spells are a little harder to cast, but a little more powerful.


Message History

The orc completely misses you.
There are no items here.
You take 9 damage, and have 6/22 hp.
MASSIVE DAMAGE!!
It was a potion of might.
You feel very mighty all of a sudden. The orc closely misses you.
Unknown command.
The orc barely misses you.
MP restored: 5
Casting: Magic Dart (safe; 5% risk of failure)
Confirm with . or Enter, or press ? or * to list all spells.
Aiming: Searing Ray (safe; 7% risk of failure)
Press: ? - help, Shift-Dir - straight line, f/p - orc
Aim: an orc, wielding a +0 mace (almost dead, 78% to hit)
The searing ray hits the orc.
You kill the orc!
The searing ray hits something!
The searing ray misses the orc priest.
The searing ray hits the orc!
You kill the orc! (Press . to maintain the ray.)
You now have 3/5 mp.
You can't go down here!
Something hits you but does no damage. Something hits you but does no damage.
You hear some strange, mumbled words.
A puff of flame appears from out of thin air!
The puff of flame hits you. You resist.
* * * LOW HITPOINT WARNING * * *
There is an escape hatch in the ceiling here.
You can't go down here!
You take 1 damage, and have 6/22 hp.
The orc priest looks encouraged for a moment.
Casting: Searing Ray (safe; 7% risk of failure)
Confirm with . or Enter, or press ? or * to list all spells.
Aiming: Magic Dart (safe; 4% risk of failure)
Press: ? - help, Shift-Dir - straight line, f - orc priest
Aim: an orc priest, wielding a +0 dagger (100% to hit)
The magic dart hits the orc priest.
The orc priest is moderately wounded.
The orc priest invokes the aid of Beogh against you.
Pain shoots through your body!
You die...

..# #.# #.# #.#
#.# #
#.########
##.#...##..@##
#...<..#.###.##
#..####.##
##.##### #. #.#
#.o{..# #. ..#
#.###.# $. ###.
#.## #.# ## #
..# #.# ### #)#
#.#


You could see an orc priest.

Vanquished Creatures
  A dart slug (D:2)
  2 orcs (D:3)
  2 bats (D:2)
  2 endoplasms
  A goblin (D:2)
  A hobgoblin (D:2)
  2 ball pythons (D:2)
  A rat (D:1)
12 creatures vanquished.

Notes
Turn   | Place    | Note
-------+----------+-------------------------------------------
     0 | D:1      | Psyclone the Draconian Conjurer began the quest for the
                  | Orb.
     0 | D:1      | Reached XP level 1. HP: 14/14 MP: 3/3
   100 | D:2      | Gained mutation: Your flesh is heat resistant. (rF+)
                  | [potion of mutation]
   100 | D:2      | Gained mutation: You are robust. (+10% HP) [potion of
                  | mutation]
   100 | D:2      | Gained mutation: You have a beak for a mouth. [potion of
                  | mutation]
   100 | D:2      | Gained mutation: You passively dampen the noise of your
                  | surroundings. [potion of mutation]
   151 | D:2      | Found Zutuxkoi's Jewellery Shop.
   227 | D:2      | Lost mutation: You passively dampen the noise of your
                  | surroundings. [potion of mutation]
   227 | D:2      | Lost mutation: You have a beak for a mouth. [potion of
                  | mutation]
   227 | D:2      | Gained mutation: You have a pair of small antennae on your
                  | head. [potion of mutation]
   227 | D:2      | Gained mutation: Your spells are a little harder to cast,
                  | but a little more powerful. [potion of mutation]
   227 | D:2      | Gained mutation: Your flesh is very heat resistant. (rF++)
                  | [potion of mutation]
   227 | D:2      | Gained mutation: You are strong-willed. (Will+) [potion of
                  | mutation]
   289 | D:2      | Reached XP level 2. HP: 22/22 MP: 1/5
   391 | D:2      | Learned a level 2 spell: Searing Ray
   478 | D:3      | Killed from afar by an orc priest

Illustrated notes

Levels and vault maps discovered:
D:1:      saegor_arrival_simple_c, layout_rooms, serial_shops, shop,
          kennysheep_nondescript, minmay_misc_feat_ornament
D:2:      layout_basic, serial_shops, nicolae_shop_tiny_statue_garden,
          nicolae_shop_scrapyard, shop, shop
D:3:      layout_loops_ring

Action                     || total
---------------------------++-------
  Melee: Unarmed           ||     5
         Tailslap          ||     1
   Cast: Magic Dart        ||    19
         Searing Ray       ||     1
    Use: Potion            ||     3
 Armour: Skin              ||     5
  Dodge: Dodged            ||     9
